 Dungeon Crawl Stone Soup version 0.30-a0-1016-gfb0d676c02 (webtiles) character file.

Game seed: 9742113242662260228

217 jtron the Cudgeller (level 5, -2/33 HPs)
             Began as a Gargoyle Monk on Apr 6, 2023.
             Slain by a gnoll
             ... wielding a +0 club
              (5 damage)
             ... on level 4 of the Dungeon.
             The game lasted 00:07:19 (3058 turns).

jtron the Cudgeller (Gargoyle Monk)                 Turns: 3058, Time: 00:07:20

Health: -2/33      AC:  7    Str: 14    XL:     5   Next: 94%
Magic:  5/5        EV: 13    Int: 13    God:
Gold:   169        SH:  0    Dex: 18    Spells: 4/4 levels left

rFire   . . .      SeeInvis .    a - +1 mace
rCold   . . .      Faith    .    (no shield)
rNeg    + + .      Spirit   .    b - +0 robe
rPois   ∞          Reflect  .    (no helmet)
rElec   +          Rampage  .    (no cloak)
rCorr   .                        (no gloves)
Will    .....                    g - +0 pair of boots
Stlth   ++                       (no amulet)
HPRegen 0.25/turn                m - ring of positive energy
MPRegen 0.09/turn                k - +6 ring of dexterity

@: flying
A: sickness immunity, AC +4, negative energy resistance 1, electricity
resistance, torment resistance 1, petrification resistance
a: no special abilities


You were on level 4 of the Dungeon.
You visited 1 branch of the dungeon, and saw 4 of its levels.

You collected 169 gold pieces.

Inventory:

Hand Weapons
 a - a +1 mace (weapon)
Missiles
 f - 7 stones
 p - 10 poisoned darts (quivered)
Armour
 b - a +0 robe (worn)
 g - a +0 pair of boots (worn)
Jewellery
 h - a ring of magical power
 i - a ring of fire
 k - a +6 ring of dexterity (right hand)
 m - a ring of positive energy (left hand)
Scrolls
 d - a scroll of teleportation {unknown}
 e - a scroll of magic mapping {unknown}
 n - a scroll of fog {unknown}
 o - a scroll of noise {unknown}
 q - a scroll of fear
 u - a scroll of torment
 v - a scroll of amnesia {unknown}
Potions
 c - a potion of attraction
 j - 3 potions of flight
 l - a potion of curing
 r - a potion of invisibility
 s - a potion of degeneration {unknown}
 t - a potion of might


   Skills:
 + Level 4.1 Fighting
 + Level 4.7 Maces & Flails
 + Level 1.0 Throwing
 + Level 3.5 Dodging
 + Level 2.4 Stealth


You had 4 spell levels left.
You didn't know any spells.
Your spell library contained the following spells:

 Spells                   Type           Power      Damage    Failure   Level
 Ignite Poison            Fire/Tmut/Pois 0%         N/A       67%         3
 Freezing Cloud           Conj/Ice/Air   0%         6-21      100%        5
 Cigotuvi's Dreadful Rot  Necr/Pois/Air  Unusable   N/A       N/A         2

Dungeon Overview and Level Annotations

Branches:
Dungeon (4/15)
 Temple: D:4-7

Altars:
Ashenzari
Trog

Shops:
D:3 [


Innate Abilities, Weirdness & Mutations

You are immune to sickness and miasma.
Your stone body is resilient. (AC +4)
You are immune to poison.
You resist negative energy. (rN+)
You are resistant to electric shocks. (rElec)
You are resistant to unholy torment.
You are immune to petrification.


Message History

2 gnolls come into view.
A gnoll comes into view. It is wielding a +0 whip.
Found a stone.
The helpless ball python fails to defend itself.
You hit the ball python.
You kill the ball python!
The gnoll shouts! x2
You see here a ball python corpse.
You completely miss the gnoll. The gnoll closely misses you. x2
You closely miss the gnoll. The gnoll hits you but does no damage.
The gnoll hits you from afar with a +0 spear.
The gnoll misses you.
You closely miss the gnoll. The gnoll completely misses you.
The gnoll hits you but does no damage.
The gnoll hits you from afar with a +0 spear.
The gnoll closely misses you.
You hit the gnoll.
The gnoll is heavily wounded.
The gnoll barely misses you. The gnoll hits you with a +0 club.
The gnoll closely misses you. The gnoll hits you with a +0 whip.
You barely miss the gnoll.
The gnoll is heavily wounded.
The gnoll barely misses you. The gnoll hits you with a +0 whip.
The gnoll hits you from afar with a +0 spear.
The gnoll misses you.
You feel very buoyant.
You fly up into the air.
The gnoll hits you from afar with a +0 spear.
The gnoll hits you with a +0 whip. The gnoll hits you with a +0 club!
* * * LOW HITPOINT WARNING * * *
The gnoll closely misses you. The gnoll attacks as you move away!
The gnoll closely misses you. The gnoll attacks as you move away!
The gnoll hits you with a +0 club.
* * * LOW HITPOINT WARNING * * *
The gnoll attacks as you move away! The gnoll barely misses you.
The gnoll attacks as you move away! The gnoll hits you with a +0 whip.
* * * LOW HITPOINT WARNING * * *
The gnoll attacks as you move away! The gnoll completely misses you.
The gnoll attacks as you move away! The gnoll hits you with a +0 club.
You die...

#...<#
####...##
.........#
########.# #.#
#.# #.#
#.######.
#@.......
#######gg......
......gg.......
######....####.
###....#
#......####.
+...†.......
#..)..#####.
#.....#


You could see 4 gnolls.

Vanquished Creatures
  Natasha (thrice) (D:2)
  6 adders
  3 worms (D:2)
  2 dart slugs (D:3)
  12 bats
  9 endoplasms
  2 giant cockroaches (D:1)
  5 hobgoblins
  3 jackals
  10 kobolds
  3 quokkas
  5 ball pythons
  3 frilled lizards
  2 goblins
  7 rats
75 creatures vanquished.

Notes
Turn   | Place    | Note
-------+----------+-------------------------------------------
     0 | D:1      | jtron the Gargoyle Monk began the quest for the Orb.
     0 | D:1      | Reached XP level 1. HP: 14/14 MP: 1/1
   123 | D:1      | Reached XP level 2. HP: 17/19 MP: 2/2
   405 | D:1      | Reached XP level 3. HP: 21/24 MP: 3/3
  1208 | D:2      | Noticed Natasha
  1230 | D:2      | Reached XP level 4. HP: 20/29 MP: 4/4
  1525 | D:2      | Killed Natasha
  1526 | D:2      | Reached XP level 5. HP: 28/33 MP: 5/5
  1546 | D:2      | Noticed Natasha
  1556 | D:2      | Killed Natasha
  1729 | D:2      | Noticed Natasha
  1742 | D:2      | Killed Natasha
  2318 | D:3      | Found Zyhaet's Armour Shop.
  2347 | D:3      | Found a bloodstained altar of Trog.
  2347 | D:3      | Found a broken altar of Ashenzari.
  2428 | D:3      | Found a faded altar of an unknown god.
  2459 | D:3      | Reached skill level 1 in Throwing
  3058 | D:4      | Slain by a gnoll

Illustrated notes

Levels and vault maps discovered:
D:1:      kennysheep_arrival_forest, layout_basic, palyth_stone_intersect,
          kennysheep_decorative_pillar
D:2:      wad_pebble_path, layout_rooms, kennysheep_generic_room_11,
          uniq_natasha
D:3:      layout_basic, nicolae_overflow_two_pavilions,
          hellmonk_ecumenical_altar_leap_of_faith, serial_shops,
          nicolae_shop_trees, moated_statue, fountainhead
D:4:      layout_basic, kennysheep_generic_room_3, uniq_menkaure

Skill      XL: |  1  2  3  4  5 |
---------------+----------------+-----
Dodging        | 3 |  3.5
Maces & Flails | 4 |  4.7
Fighting       | 4 |  4.1
Throwing       | 1 |  1.0
Stealth        | |  2.4

Action                     |  1- 3 |  4- 6 || total
---------------------------+-------+-------++-------
  Melee: Mace              |   113 |   172 ||   285
         Punch             |       |     2 ||     2
  Throw: Stone             |     8 |     7 ||    15
         Dart              |     1 |     6 ||     7
    Use: Scroll            |     3 |     5 ||     8
         Potion            |     1 |     4 ||     5
   Stab: Sleeping          |     4 |     2 ||     6
         Distracted        |     1 |       ||     1
 Armour: Robe              |    62 |    62 ||   124
  Dodge: Dodged            |   116 |   133 ||   249

Table legend: (Time is in decaauts)
 A = Elapsed time spent in this place.
 B = Non-inter-level travel time spent in this place.
 C = Inter-level travel time spent in this place.
 D = Time resting spent in this place.
 E = Time spent auto-exploring this place.
 F = Levels seen in this place.
 G = Mean time per level.
                   A        B        C        D        E       F      G
               +--------+--------+--------+--------+--------+-----+--------+
         Total |   3144 |   3052 |     92 |    202 |   1999 |   4 |  786.0 |
       Dungeon |   3144 |   3052 |     92 |    202 |   1999 |   4 |  786.0 |
               +--------+--------+--------+--------+--------+-----+--------+

Top non-repeatable levels by time:
     D:2: 1118 daAuts
     D:3: 1023 daAuts
     D:1: 972 daAuts
     D:4: 29 daAuts
